 Dungeon Crawl Stone Soup version 0.27.0-1-g7a089689b8 (webtiles) character file.

Game seed: 1407560647789568836

2 thirtiethelement the Skirmisher (level 1, 0/18 HPs)
             Began as a Demonspawn Abyssal Knight on Aug 11, 2021.
             Was a Follower of Lugonu.
             Slain by an endoplasm (1 damage)
             ... on level 1 of the Dungeon.
             The game lasted 00:01:08 (112 turns).

thirtiethelement the Skirmisher (DsAK)               Turns: 112, Time: 00:01:09

Health: 0/18       AC:  3    Str: 12    XL:     1   Next: 33%
Magic:  1/2        EV: 11    Int: 13    God:    Lugonu [*.....]
Gold:   101        SH:  0    Dex: 12    Spells: 0/0 levels left

rFire    . . .     SeeInvis .   a - +1 falchion
rCold    . . .     Faith    .   (no shield)
rNeg     . . .     Spirit   .   b - +0 leather armour
rPois    .         Reflect  .   (no helmet)
rElec    .         Harm     .   (no cloak)
rCorr    .         Rampage  .   (no gloves)
Will     .....                  (no boots)
Stlth    +.........             (no amulet)
HPRegen  0.06/turn              (no ring)
MPRegen  0.08/turn              (no ring)

@: no status effects
A: no striking features
a: Renounce Religion, Depart the Abyss


You were on level 1 of the Dungeon.
You worshipped Lugonu.
Lugonu was aware of your devotion.
You visited 1 branch of the dungeon, and saw 1 of its levels.
You visited the Abyss 1 time.

You collected 101 gold pieces.

Inventory:

Hand Weapons
 a - a +1 falchion (weapon)
Armour
 b - a +0 leather armour (worn)
Wands
 e - a wand of acid (4)


   Skills:
 + Level 3.0 Fighting
 + Level 1.7 Long Blades
 + Level 2.0 Armour
 + Level 0.8 Dodging
 + Level 2.4 Invocations


You couldn't memorise any spells.
You didn't know any spells.
Your spell library was empty.

Dungeon Overview and Level Annotations

Branches:
Dungeon (1/15)

Altars:


Message History

You don't have any unidentified items.
Your surroundings suddenly seem different.
A kobold comes into view. It is wielding a +0 dagger.
The kobold shouts!
A goblin comes into view. It is wielding a +0 dagger.
An endoplasm comes into view.
Found a whip.
Hit: a) +1 falchion
Press: ? - help, Dir - move target, f - you
Okay, then.
Aiming: Corrosive Bolt
Press: ? - help, Shift-Dir - straight line, f - goblin
Aim: a goblin, wielding a +0 dagger (64% to hit)
The bolt of acid misses the goblin.
Aiming: Corrosive Bolt
Press: ? - help, Shift-Dir - straight line, f/p - goblin
Aim: a goblin, wielding a +0 dagger (64% to hit)
The bolt of acid hits the goblin!
The goblin is splashed with acid!
You kill the goblin!
Lugonu accepts your kill.
Aiming: Corrosive Bolt
Press: ? - help, Shift-Dir - straight line, f - kobold
Aim: a kobold, wielding a +0 dagger and quivering stones (64% to hit)
The bolt of acid misses the kobold.
Aiming: Corrosive Bolt
Press: ? - help, Shift-Dir - straight line, f/p - kobold
Aim: a kobold, wielding a +0 dagger and quivering stones (64% to hit)
The bolt of acid hits the kobold!
The kobold is splashed with acid.
The acid corrodes the kobold!
You kill the kobold!
Lugonu accepts your kill.
You can now depart the Abyss.
Your Armour skill increases to level 2!
Aiming: Corrosive Bolt
Press: ? - help, Shift-Dir - straight line, f - you That beam is likely to hit you.
Continue anyway? [Y]es or [N]o only, please.
That beam is likely to hit you.
Continue anyway?
Okay, then.
You barely miss the endoplasm. The endoplasm hits you.
You die...

*,,,,,,,,,,,,>
*,,,,,,,,,,,**
**,,.,,,,,,,,*
*#####..,,,,***,*
##......#**,** *,,
##........**,****,,
#.........,*,,,,,,,
#...)...).,*,,*****
#.@J.)....,,,,*,,,,
#.........,*,*,,***
#.........,*,,,**
##........,,,***
*.........,*,**
*.........,*,,*
*.........,**,*
#.........,**,* **
*,,,,,,,,,,**,****,


You could see an endoplasm.

Vanquished Creatures
  A goblin (D:1)
  A kobold (D:1)
2 creatures vanquished.

Notes
Turn   | Place    | Note
-------+----------+-------------------------------------------
     0 | Abyss:1  | thirtiethelement the Demonspawn Abyssal Knight began the
                  | quest for the Orb.
     0 | Abyss:1  | Reached XP level 1. HP: 18/18 MP: 2/2
    58 | Abyss:2  | Found a corrupted altar of Lugonu.
    74 | Abyss:2  | Noticed a raiju
    74 | Abyss:2  | Noticed a smoke demon
    99 | Abyss:3  | Noticed a hell hound
   103 | D:1      | Escaped the Abyss
   111 | D:1      | Reached * piety under Lugonu
   112 | D:1      | Slain by an endoplasm

Illustrated notes

Levels and vault maps discovered:
D:1:      scummos_arrival_checkerplants, layout_rooms,
          dreamdust_ecumenical_altar_drowned_temple,
          chequers_serial_rivers_small_a, roderic_serpentine_path

Skill      XL: |  1 |
---------------+----+-----
Armour         | 2 |  2.0
Fighting       | |  3.0
Long Blades    | |  1.7
Dodging        | |  0.8
Invocations    | |  2.4

Action                   || total
-------------------------++-------
Melee: Falchion          ||     1
Invok: Depart the Abyss  ||     1
Evoke: Wand              ||     4
  Use: Scroll            ||     3
